 Dungeon Sprint DCSS version 0.27.1-33-g824d729ab1 (webtiles) character file.

Game seed: 14990528975707061760

9107 boopmooplesden the Peltast (level 11, -7/106 HPs)
             Began as a Minotaur Fighter on Dec 23, 2021.
             Was a High Priest of Okawaru.
             Mangled by a freezing wraith (21 damage)
             ... in the Dungeon (Sprint VII: "The Pits").
             The game lasted 00:05:51 (1836 turns).

boopmooplesden the Peltast (Minotaur Fighter)       Turns: 1836, Time: 00:05:51

Health: -7/106     AC: 23    Str: 23    XL:     11   Next: 18%
Magic:  0/13       EV: 10    Int:  5    God:    Okawaru [*****.]
Gold:   0          SH: 15    Dex: 11    Spells: 10/10 levels left

rFire    . . .     SeeInvis .   o - +2 long sword (flame)
rCold    . . .     Faith    .   c - +0 kite shield
rNeg     . . .     Spirit   .   v - +3 plate armour
rPois    .         Reflect  .   (helmet restricted)
rElec    .         Harm     .   x - +0 cloak
rCorr    .         Rampage  .   (no gloves)
Will     .....     NoTele   +   w - +0 pair of boots
Stlth    ..........             (no amulet)
HPRegen  0.27/turn              (no ring)
MPRegen  0.13/turn              (no ring)

@: mighty, weak-willed
A: horns 2, retaliatory headbutt
a: Renounce Religion, Heroism, Finesse


You were in the Dungeon.
You worshipped Okawaru.
Okawaru was extremely pleased with you.
You visited 1 branch

Inventory:

Hand Weapons
 a - a +0 long sword
 f - the +7 quarterstaff of the Sage {flame, rF+}
   (Okawaru gifted it to you in the Dungeon)

   It burns those it strikes, dealing additional fire damage.
   rF:        It protects you from fire.
 k - a +2 falchion
 o - a +2 long sword of flaming (weapon)
 u - a +2 scimitar of flaming
 y - a +5 rapier of draining
Armour
 b - a +0 scale mail
 c - a +0 kite shield (worn)
 p - a +3 chain mail
 v - a +3 plate armour (worn)
 w - a +0 pair of boots (worn)
 x - a +0 cloak (worn)
Jewellery
 r - a +3 ring of protection
 s - a +3 ring of protection
Wands
 q - a wand of charming (7)
Scrolls
 j - a scroll of blinking
 m - 5 scrolls of amnesia
 n - a scroll of summoning
Potions
 d - 3 potions of might
 e - 8 potions of curing
 g - 2 potions of haste
 h - 4 potions of magic
 i - 3 potions of berserk rage
 l - 2 potions of invisibility
 t - a potion of brilliance
 z - 2 potions of cancellation {unknown}


   Skills:
 + Level 12.8 Fighting
 + Level 15.4 Long Blades
 + Level 14.7 Armour
 + Level 7.1 Dodging
 + Level 2.0 Stealth
 + Level 18.0 Shields
 + Level 4.7 Invocations


You had 10 spell levels left.
You didn't know any spells.
Your spell library was empty.

Dungeon Overview and Level Annotations

Branches:
Dungeon (1/1)

Altars:
Ashenzari
Cheibriados
Dithmenos
Elyvilon
Fedhas
Gozag
Hepliaklqana
Kikubaaqudgha
Makhleb
Nemelex Xobeh
Okawaru
Qazlal
Ru
Sif Muna
Trog
Uskayaw
Vehumet
Wu Jian
Xom
Yredelemnul
Zin
The Shining One
Beogh
Jiyva
Lugonu


Innate Abilities, Weirdness & Mutations

You have a pair of horns on your head.
You reflexively headbutt those who attack you in melee.


Message History

* * * LOW HITPOINT WARNING * * *
You stumble backwards!
You slash the elephant! You burn the elephant!
You kill the elephant!
Okawaru accepts your kill.
You feel you are being watched by something.
You feel your power leaking away.
You feel your dexterity returning.
You have reached level 11!
You barely miss something.
You feel you are being watched by something.
Something hits you but does no damage. You block something's attack.
Something stings you but does no damage.
You barely miss something.
You feel you are being watched by something.
Something hits you but does no damage. Something hits you.
* * * LOW HITPOINT WARNING * * *
Something stings you but does no damage.
You miss something. You headbutt something!!
You feel you are being watched by something.
Something hits you but does no damage. Something hits you!
* * * LOW HITPOINT WARNING * * *
Something stings you but does no damage.
You closely miss something. You headbutt something!
Okawaru is honoured by your kill. Okawaru grants you a weapon!
Something appears at your feet!
You see here a +0 vorpal great sword.
Reactivating autopickup.
You feel a bit more experienced.
The phantasmal warrior blinks!
You feel your intelligence returning.
You feel your dexterity returning.
Your Dodging skill increases to level 7!
Your Shields skill increases to level 18!
You closely miss the freezing wraith.
You block the freezing wraith's attack. x2
You closely miss the freezing wraith. The phantasmal warrior hits you!
* * * LOW HITPOINT WARNING * * *
Your willpower is stripped away!
The freezing wraith hits you.
* * * LOW HITPOINT WARNING * * *
The freezing wraith freezes you!!
You die...

.............+ .............+
...#..#......# .............#
'#####÷'###### ....##''###
############
....##....##..+...##...###
....##...##...#..##Z.....##
<...##..##...##.@#sro.....## ###
....##..#)..##..)Woo{......# #..W
....##..)))##...W###WKo....##...K
....##.##..#.......###......#....
########...+.........##.....#oWZ.
##### #....#....####..##.r).#ZW..
....##..#..##..##..##..'.....#'..
!..[##.###..##.)[...+..#.....†##+
..))####.##..#.##..##..#........#


You could see a phantasmal warrior, a freezing wraith, a wraith, 3 orcs and a
kobold.

Vanquished Creatures
  A ghost moth (D)
  A great orb of eyes (D)
  Erolcha (D)
  An orc high priest (D)
  A shadow wraith (D)
  A sea snake (D)
  2 deep elf zephyrmancers (D)
  A cyclops (D)
  2 elephants (D)
  A guardian serpent (D)
  A smoke demon (D)
  Psyche (D)
  A jumping spider (D)
  A polar bear (D)
  A raiju (shapeshifter) (D)
  3 redbacks (D)
  A fire bat (D)
  2 basilisks (D)
  2 ynoxinuls (D)
  Eustachio (D)
  A warg (D)
  Menkaure (D)
  A water moccasin (D)
  An ogre (D)
  A wolf (D)
  Blork the orc (D)
  A crimson imp (D)
  A quasit (D)
  2 orc priests (D)
  4 orc wizards (D)
  2 adders (D)
  A gnoll (D)
  An ufetubus (D)
  4 orcs (D)
  An endoplasm (D)
  3 hobgoblins (D)
  2 ball pythons (D)
  A ball python skeleton (D)
  A ball python zombie (D)
  2 frilled lizards (D)
  A rat (D)
59 creatures vanquished.

Vanquished Creatures (others)
  An orc wizard (D)
1 creature vanquished.

Grand Total: 60 creatures vanquished

Notes
Turn   | Place    | Note
-------+----------+-------------------------------------------
     0 | D        | boopmooplesden the Minotaur Fighter began the quest for the
                  | Orb.
     0 | D        | Reached XP level 1. HP: 19/19 MP: 0/0
    41 | D        | Found a glowing golden altar of the Shining One.
    41 | D        | Found a glowing silver altar of Zin.
    41 | D        | Found a basalt altar of Yredelemnul.
    41 | D        | Found a shimmering altar of Xom.
    41 | D        | Found an ornate altar of the Wu Jian Council.
    41 | D        | Found a bloodstained altar of Trog.
    41 | D        | Found a shimmering blue altar of Sif Muna.
    41 | D        | Found a sacrificial altar of Ru.
    41 | D        | Found a stormy altar of Qazlal.
    41 | D        | Found an iron altar of Okawaru.
    41 | D        | Found a sparkling altar of Nemelex Xobeh.
    41 | D        | Found a burning altar of Makhleb.
    41 | D        | Found a viscous altar of Jiyva.
    41 | D        | Found a hazy altar of Hepliaklqana.
    41 | D        | Found an opulent altar of Gozag.
    41 | D        | Found a blossoming altar of Fedhas.
    41 | D        | Found a white marble altar of Elyvilon.
    41 | D        | Found a shadowy altar of Dithmenos.
    41 | D        | Found a snail-covered altar of Cheibriados.
    42 | D        | Found a radiant altar of Vehumet.
    42 | D        | Found a corrupted altar of Lugonu.
    43 | D        | Found a hide-covered altar of Uskayaw.
    43 | D        | Found an ancient bone altar of Kikubaaqudgha.
    43 | D        | Found a broken altar of Ashenzari.
    47 | D        | Became a worshipper of Warmaster Okawaru
    64 | D        | Reached skill level 4 in Shields
    64 | D        | Reached XP level 2. HP: 28/28 MP: 1/1
    79 | D        | Reached skill level 5 in Shields
    94 | D        | Reached skill level 5 in Fighting
    94 | D        | Reached skill level 5 in Armour
   100 | D        | Reached XP level 3. HP: 29/36 MP: 2/2
   168 | D        | Noticed Blork the orc
   185 | D        | Reached skill level 6 in Shields
   188 | D        | Reached skill level 1 in Dodging
   191 | D        | Reached XP level 4. HP: 44/44 MP: 3/3
   196 | D        | Killed Blork the orc
   196 | D        | Reached * piety under Okawaru
   197 | D        | Reached skill level 5 in Long Blades
   197 | D        | Reached skill level 7 in Shields
   197 | D        | Reached XP level 5. HP: 42/51 MP: 4/4
   221 | D        | Reached skill level 8 in Shields
   255 | D        | Noticed a basilisk
   261 | D        | Killed a basilisk
   262 | D        | Reached skill level 9 in Shields
   262 | D        | Reached XP level 6. HP: 58/61 MP: 2/5
   334 | D        | Noticed a warg
   334 | D        | Noticed Psyche
   335 | D        | Noticed a fire bat
   344 | D        | Killed a fire bat
   344 | D        | Reached ** piety under Okawaru
   345 | D        | Reached skill level 10 in Shields
   350 | D        | Killed a warg
   351 | D        | Reached XP level 7. HP: 69/69 MP: 4/6
   362 | D        | Killed Psyche
   363 | D        | Reached skill level 10 in Long Blades
   363 | D        | Reached skill level 5 in Dodging
   363 | D        | Reached skill level 11 in Shields
   363 | D        | Reached skill level 1 in Invocations
   480 | D        | Noticed a jumping spider
   480 | D        | Noticed an elephant
   490 | D        | Killed a jumping spider
   490 | D        | Reached *** piety under Okawaru
   491 | D        | Reached skill level 12 in Shields
   491 | D        | Reached XP level 8. HP: 78/78 MP: 4/7
   503 | D        | Killed an elephant
   504 | D        | Reached skill level 10 in Armour
   504 | D        | Reached skill level 1 in Stealth
   512 | D        | Noticed an orc high priest
   518 | D        | Reached skill level 13 in Shields
   522 | D        | Killed an orc high priest
   522 | D        | Reached **** piety under Okawaru
   523 | D        | Reached skill level 10 in Fighting
   523 | D        | Reached XP level 9. HP: 72/85 MP: 5/9
   531 | D        | Reached skill level 14 in Shields
   544 | D        | Killed a shadow wraith
   544 | D        | Reached ***** piety under Okawaru
   716 | D        | Noticed a polar bear
   727 | D        | Killed a polar bear
   730 | D        | Noticed a sea snake
   731 | D        | Noticed a deep elf zephyrmancer
   739 | D        | Killed a sea snake
   740 | D        | Reached skill level 15 in Shields
   748 | D        | Killed a deep elf zephyrmancer
  1077 | D        | Noticed Menkaure
  1089 | D        | Killed Menkaure
  1090 | D        | Reached XP level 10. HP: 50/94 MP: 9/11
  1092 | D        | Noticed Eustachio
  1092 | D        | Noticed a guardian serpent
  1107 | D        | Killed Eustachio
  1111 | D        | Killed a guardian serpent
  1112 | D        | Reached skill level 16 in Shields
  1211 | D        | Noticed Erolcha
  1221 | D        | Killed Erolcha
  1221 | D        | Identified the +7 quarterstaff of the Sage {flame, rF+}
                  | (Okawaru gifted it to you in the Dungeon)
  1221 | D        | Received a gift from Okawaru
  1379 | D        | Noticed a cyclops
  1384 | D        | Noticed a smoke demon
  1387 | D        | Noticed a deep elf zephyrmancer
  1390 | D        | Killed a cyclops
  1401 | D        | Killed a smoke demon
  1414 | D        | Killed a deep elf zephyrmancer
  1506 | D        | Noticed a great orb of eyes
  1537 | D        | Killed a great orb of eyes
  1538 | D        | Reached skill level 15 in Long Blades
  1538 | D        | Reached skill level 17 in Shields
  1791 | D        | Noticed a phantasmal warrior
  1791 | D        | Noticed an elephant
  1829 | D        | Killed an elephant
  1830 | D        | Reached XP level 11. HP: 31/105 MP: 0/13
  1833 | D        | Killed a ghost moth
  1833 | D        | Received a gift from Okawaru
  1834 | D        | Reached skill level 18 in Shields
  1836 | D        | Mangled by a freezing wraith

Illustrated notes

Levels and vault maps discovered:
D:        pitsprint [storerooms_1, entrance_room_1, metal_vault_7, armoury_1,
          mini_pit_1, grid_room_1, main_hall_1, silver_pit, the_coven_3,
          the_vestibule_1, steel_vault_4, golden_pit, hallway_of_sentries,
          crystal_vault_4, iron_vault_4, final_vault]

Skill      XL: |  1  2  3  4  5  6  7  8  9 10 11 |
---------------+----------------------------------+-----
Fighting       | 4 5 6 8 9 10 12 | 12.8
Armour         | 4 5 6 7 8 9 10 11 14 | 14.7
Shields        | 4 5 6 7 9 10 12 13 15 17 18 | 18.0
Long Blades    | 3 4 5 7 9 11 12 14 15 | 15.4
Dodging        | 1 2 3 4 5 6 7 |  7.1
Invocations    | 1 2 3 4 |  4.7
Stealth        | 1 2 |  2.0

Action                   |  1- 3 |  4- 6 |  7- 9 | 10-12 || total
-------------------------+-------+-------+-------+-------++-------
Melee: Long sword        |    17 |    50 |    88 |   103 ||   258
       Falchion          |    18 |       |       |       ||    18
       Headbutt          |     4 |    15 |    21 |    16 ||    56
Invok: Heroism           |       |     2 |     5 |     5 ||    12
  Use: Potion            |     1 |     1 |     5 |     2 ||     9
Armor: Scale mail        |    12 |       |       |       ||    12
       Chain mail        |     8 |    22 |     2 |       ||    32
       Plate armour      |       |       |    46 |    63 ||   109
Dodge: Dodged            |    16 |    12 |    22 |    32 ||    82
Block: Kite shield       |    21 |    33 |    53 |    80 ||   187
       Rpst.: Long sword |     2 |     5 |     3 |     7 ||    17
       Falchion          |     2 |       |       |       ||     2
